Unix NetHack Version 3.7.0-101 Work-in-progress - last build Mar 4 2024 13:34:30 (3c4ac04b664b9ee0831c739617f054b5b60dbfd1,branch:master). Game began 2024-03-10 11:47:41, ended 2024-03-10 12:25:16. Cloudmillion, lawful female human Valkyrie -------------- +............| |....<.......| ......^......| -.-|---------- # ####### # 0### # #)# ## -|---|-- |......| .. |.+....| ##@#.@.....| -------- Cloudmillion the Fighter St:17 Dx:15 Co:18 In:9 Wi:10 Ch:8 Lawful Dlvl:9 $:109 HP:0(68) Pw:21(21) AC:4 Xp:7 T:4511 Latest messages: You hit the hill orc! The hill orc zaps a wand of digging! The hill orc has made a hole in the floor. The hill orc falls through... You see here a short wand. T - a short wand. You hear a door open. What do you want to write with? [- abixACIT-W or ?*] - You write in the dust with your fingertip. What do you want to write in the dust here? x What do you want to write with? [- abixACIT-W or ?*] T The engraving on the floor vanishes! You write in the dust with a short wand. What do you want to write in the dust here? c What do you want to name? [a-ce-gik-nru-yACF-JM-QS-WZ or ?*] T What do you want to name this short wand? Vanish1 You climb up the stairs. What do you want to use or apply? [eiklu-wyCIJT or ?*] k You produce a strange whistling sound. Fury suddenly disappears! Suffer appears. What do you want to use or apply? [eiklu-wyCIJT or ?*] k You produce a strange whistling sound. Suffer falls into a pit! Fury appears. Suffer is still trapped. You descend the stairs. The door opens. With great effort you move the boulder. You try to move the boulder, but in vain. You are hit by an elven arrow. You see here a dusty spellbook. The door opens. You hear a chugging sound. The orc-captain wields a knife! You hit the orc-captain! The orc-captain thrusts his knife. The orc-captain hits! The orc-captain swings his knife. The orc-captain hits again! What do you want to read? [nGMP or ?*] n As you read the scroll, it disappears. You hear maniacal laughter close by. The Woodland-elf shoots 2 elven arrows! The 1st elven arrow misses you. You are hit by the 2nd elven arrow! You die... Do you want your possessions identified? [ynq] (y) y Do you want to see your attributes? [ynq] (y) y Do you want an account of creatures vanquished? [ynaq] (y) q Inventory: Coins $ - 109 gold pieces Weapons b - a +0 dagger x - a +0 orcish dagger a - a +2 spear (weapon in left hand) Armor N - a cursed -2 helm of opposite alignment f - an uncursed +0 orcish helm (being worn) r - an uncursed +0 pair of iron shoes (being worn) c - an uncursed burnt +3 small shield (being worn) g - a cursed thoroughly rusty -2 chain mail (being worn) Comestibles Q - an uncursed food ration S - an uncursed tripe ration F - an uncursed egg Scrolls M - an uncursed scroll of create monster P - a blessed scroll of enchant armor G - an uncursed scroll of enchant weapon Potions H - an uncursed potion of confusion m - a cursed potion of healing Z - a blessed potion of sleeping O - an uncursed potion of water Rings A - an uncursed ring of see invisible U - an uncursed ring of stealth Wands i - a wand of lightning (0:2) T - a wand of make invisible named Vanish1 (0:7) C - a wand of sleep (0:6) Tools v - an empty uncursed sack w - a cursed blindfold I - a magic marker (0:77) k - an uncursed magic whistle e - an uncursed oil lamp J - a +0 pick-axe u - an uncursed skeleton key y - an uncursed partly used wax candle l - a cursed partly used wax candle Gems/Stones V - an uncursed worthless piece of orange glass W - an uncursed worthless piece of white glass Cloudmillion the Valkyrie's attributes: Background: You were a Fighter, a level 7 human Valkyrie. You were lawful, on a mission for Tyr who was opposed by Odin (neutral) and Loki (chaotic). You were left-handed. You were in the Dungeons of Doom, on level 9. You entered the dungeon 4511 turns ago. There was a new moon in effect when your adventure ended. You had 790 experience points, 490 more were needed to attain level 8. Basics: You had 0 out of 68 hit points. You had all 21 energy points (spell power). Your armor class was 4. Your wallet contained 109 zorkmids. Autopickup was off. Final Characteristics: Your strength was 17 (limit:18/100). Your dexterity was 15 (limit:18). Your constitution was 18 (limit:18). Your intelligence was 9 (limit:18). Your wisdom was 10 (limit:18). Your charisma was 8 (limit:18). Final Status: You weren't hungry. You were unencumbered. You were wielding a spear. You were skilled in spear. Final Attributes: You were piously aligned. You were cold resistant. You were telepathic. You were stealthy. You were warded. You were fast. You are dead. Miscellaneous: You encountered 1 bones level. Total elapsed playing time was 37 minutes and 34 seconds. Major events: Turn 1: Cloudmillion the lawful human Valkyrie entered the dungeon 399: entered the Gnomish Mines 1148: attained the rank of Skirmisher (level 3) 2448: reached Mine Town 2892: attained the rank of Fighter (level 6) 4301: destroyed basilikos' ghost, the former Thaumaturge 4511: killed by an elven arrow Vanquished creatures: a ghost a chameleon a giant beetle a quivering blob a horse a housecat 3 human zombies a quasit a wood nymph a shrieker 5 gnome leaders 2 gnomish wizards 2 gray oozes 2 giant ants 2 floating eyes a kitten 4 dwarves a homunculus 4 hill orcs 8 rothes a centipede a dwarf zombie a werejackal an iguana 2 killer bees 6 coyotes 2 hobbits 3 giant rats a yellow mold 25 gnomes 3 garter snakes a gnome zombie 4 geckos 7 jackals 2 foxes 2 kobolds 5 goblins 4 grid bugs 4 lichens 4 kobold zombies 9 newts 131 creatures vanquished. No species were genocided or became extinct. Voluntary challenges: You read items or engraved 15 times. You never engraved Elbereth. You never genocided any monsters. You never polymorphed an object. You never changed form. You used no wishes. Achievements: You entered the Gnomish Mines. You attained the rank of Skirmisher. You entered Minetown. You entered a shop. You entered a temple. You attained the rank of Fighter. The Dungeons of Doom: levels 1 to 9 Level 1: Level 2: Stairs down to The Gnomish Mines. Level 3: An altar. Level 4: A sink. Level 5: A fountain. Level 6: A fountain. Level 7: Level 8: A grave. Final resting place for basilikos-Wiz-Hum-Mal-Neu, killed by a hezrou. Level 9: <- You were here. Final resting place for you, killed by an elven arrow. The Gnomish Mines: levels 3 to 5 Level 3: Level 4: Level 5: A temple and an altar, many fountains. Game over: ---------- / \ / REST \ / IN \ / PEACE \ / \ | Cloudmillion | | 109 Au | | killed by an | | elven arrow | | | | | | 2024 | *| * * * | * _________)/\\_//(\/(/\)/\//\/|_)_______ Farvel Cloudmillion the Valkyrie... You died in The Dungeons of Doom on dungeon level 9 with 3809 points, and 109 pieces of gold, after 4511 moves. You were level 7 with a maximum of 68 hit points when you died.